 Dungeon Crawl Stone Soup version 0.26-a0-651-gb41185065b (webtiles) character file.

Game seed: 5426127161386060701

3300 Flugslaktarn the Cleaver (level 9, -13/88 HPs)
             Began as a Deep Dwarf Fighter on Oct 21, 2020.
             Mangled by Grum
             ... wielding a -2 halberd
              (27 damage)
             ... on level 8 of the Dungeon.
             The game lasted 00:03:33 (4297 turns).

Flugslaktarn the Cleaver (Deep Dwarf Fighter)       Turns: 4297, Time: 00:03:34

Health: -13/88     AC: 21    Str: 21    XL:     9   Next: 70%
Magic:  0/0        EV:  9    Int:  9    God:
Gold:   400        SH: 10    Dex: 21    Spells: 8/8 levels left

rFire    . . .     SeeInvis .   a - +1 war axe (flame)
rCold    + . .     Faith    .   c - +0 kite shield
rNeg     . . .     Spirit   .   e - +6 chain mail of Noon {-Cast rC+ MR+ Dex+7}
rPois    .         Reflect  .   u - +1 helmet
rElec    .         Harm     .   b - +1 cloak
rCorr    .         Rampage  .   (no gloves)
MR       ++...     NoCast   +   (no boots)
Stlth    ..........             (no amulet)
HPRegen  0.00/turn              (no ring)
MPRegen  0.07/turn              (no ring)

@: non-regenerating, lightly drained
A: damage resistance, heal wounds, sense surroundings 2, no regeneration
a: Heal Wounds


You were on level 8 of the Dungeon.
You visited 1 branch of the dungeon, and saw 8 of its levels.

You collected 424 gold pieces.
You spent 24 gold pieces at shops.

Inventory:

Hand Weapons
 a - a +1 war axe of flaming (weapon)
Armour
 b - a +1 cloak (worn)
   (You found it on level 8 of the Dungeon)
 c - a +0 kite shield (worn)
 e - the +6 chain mail of Noon (worn) {-Cast rC+ MR+ Dex+7}
   (You found it on level 8 of the Dungeon)

   It affects your dexterity (+7).
   It protects you from cold.
   It affects your resistance to hostile enchantments.
   It prevents spellcasting.
 f - a +0 helmet
   (You found it on level 1 of the Dungeon)
 p - a +0 plate armour
   (You found it on level 3 of the Dungeon)
 s - a scarf of invisibility
   (You found it on level 5 of the Dungeon)
 u - a +1 helmet (worn)
   (You found it on level 6 of the Dungeon)
Jewellery
 g - an uncursed ring of protection from magic {unknown}
   (You found it on level 8 of the Dungeon)
Scrolls
 l - a scroll of magic mapping
 r - 6 scrolls of identify
 t - a scroll of teleportation
 x - 3 scrolls of remove curse
 z - 2 scrolls of blinking
Potions
 d - a potion of might
 h - a potion of cancellation
 i - a potion of invisibility
 j - 2 potions of ambrosia
 m - 2 potions of mutation
 n - a potion of resistance
 o - 2 potions of magic
 q - a potion of curing
 w - a potion of heal wounds


   Skills:
 * Level 7.8(7.6) Fighting
 * Level 9.1(8.8) Axes
 + Level 6.9(6.6) Armour
 + Level 5.2(5.0) Dodging
 - Level 4.2(4.0) Shields


You had 8 spell levels left.
You didn't know any spells.
Your spell library was empty.

Dungeon Overview and Level Annotations

Branches:
Dungeon (8/15)             Temple (0/1) D:7
   Lair: D:8-11

Altars:
Cheibriados
Dithmenos
Hepliaklqana
Sif Muna
Yredelemnul

Shops:
D:7 [=[*(

Annotations:
D:3 1 runed translucent door, loralnil's ghost, amateur GnWn
D:8 Grum


Innate Abilities, Weirdness & Mutations

You are resistant to damage.
You can heal yourself by infusing magical energy.
You passively map the area around you.
You do not regenerate.


Message History

The white imp freezes you. You resist. You block the wolf's attack.
You barely miss the white imp.
The white imp is heavily wounded.
You closely miss the wolf. You barely miss the wolf. You hit the wolf.
You burn the wolf. The wolf bites you but does no damage.
You block the wolf's attack. x2
The white imp gestures at you.
The puff of frost hits you but does no damage.
Grum hits you from afar with a -2 halberd!
* * * LOW HITPOINT WARNING * * *
The wolf bites you but does no damage. You block the wolf's attack. x2
You slash the white imp! You burn the white imp.
You kill the white imp!
Your shield and chain mail of Noon prevent you from hitting the wolf.
You hit the wolf but do no damage. You slash the wolf! You burn the wolf.
You block the wolf's attack. x2; The wolf bites you but does no damage. x2
Grum drinks a potion.
Grum seems to grow stronger.
The wolf bites you but does no damage. x2
You block the wolf's attack. x2; Grum hits you with a -2 halberd!!
You die...

.....................#...........
........>.....######'#...........
..............#..................
..............#.......##'#.......
#######.####..#.......'..#.......
, , ###* ####.......#..#....... ,
, * , #.h.....#..#....... *, ,
#.h.....#..#.......
+#.@h....#..######## ,,
......g......#..##.....# ,
,.............#..##.....# * ,
......########..##.....# , ,
......#.........##.....# ,
,......#.........#......# , ,
..... #.........#......# , ,
..... #.###'##..##.##'## *** *
###....#..##.#....


You could see Grum (strong) and 3 wolves.

Vanquished Creatures
  A two-headed ogre (D:8)
  2 hippogriffs (D:8)
  A water moccasin (D:7)
  A black bear (D:8)
  2 orc warriors
  2 ice beasts
  A necrophage (D:8)
  2 ogres
  3 bullfrogs
  A gnoll sergeant (D:7)
  7 wights
  2 howler monkeys (D:6)
  A jelly (D:7)
  2 orc priests
  7 orc wizards
  An iguana (D:4)
  4 worker ants
  Natasha (thrice) (D:4)
  A killer bee zombie (D:8)
  A hound skeleton (D:8)
  Robin (D:4)
  15 gnolls
  7 adders
  2 white imps
  An adder skeleton (D:4)
  A worm (D:5)
  2 dart slugs (D:1)
  A leopard gecko (D:8)
  25 orcs
  A giant cockroach (D:2)
  14 goblins
  4 hobgoblins
  14 jackals
  A quokka (D:3)
  A ball python (D:1)
  2 bats (D:1)
  2 frilled lizards (D:1)
  2 kobolds (D:1)
  A quokka skeleton (D:4)
  8 rats
150 creatures vanquished.

Vanquished Creatures (others)
  2 plants (D:5)
2 creatures vanquished.

Grand Total: 152 creatures vanquished

Notes
Turn   | Place    | Note
-------+----------+-------------------------------------------
     0 | D:1      | Flugslaktarn the Deep Dwarf Fighter began the quest for the
                  | Orb.
     0 | D:1      | Reached XP level 1. HP: 20/20 MP: 1/1
    78 | D:1      | Reached XP level 2. HP: 25/27 MP: 2/2
   279 | D:2      | Reached XP level 3. HP: 28/34 MP: 3/3
   338 | D:3      | Found a basalt altar of Yredelemnul.
   382 | D:3      | Reached skill level 3 in Axes
   392 | D:3      | Found a runed translucent door.
   393 | D:3      | Noticed loralnil's ghost (amateur GnWn)
   560 | D:3      | Found a hazy altar of Hepliaklqana.
   582 | D:3      | Found a shimmering blue altar of Sif Muna.
   624 | D:4      | Reached XP level 4. HP: 30/42 MP: 4/4
   624 | D:4      | Noticed Natasha
   643 | D:4      | Noticed Robin
   644 | D:4      | Killed Natasha
   667 | D:4      | Killed Robin
   667 | D:4      | Reached XP level 5. HP: 21/50 MP: 2/2
   672 | D:4      | Reached skill level 4 in Axes
   757 | D:4      | Noticed an ogre
   765 | D:4      | Killed an ogre
   765 | D:4      | Reached XP level 6. HP: 23/57 MP: 3/3
  1262 | D:4      | Noticed Natasha
  1269 | D:4      | Killed Natasha
  1269 | D:4      | Reached skill level 1 in Dodging
  1280 | D:4      | Noticed Natasha
  1285 | D:4      | Killed Natasha
  1405 | D:5      | Entered Level 5 of the Dungeon
  1621 | D:5      | Noticed an ice beast
  1628 | D:5      | Killed an ice beast
  1628 | D:5      | Reached skill level 5 in Axes
  1824 | D:5      | Reached XP level 7. HP: 60/66 MP: 3/3
  1826 | D:5      | Found a snail-covered altar of Cheibriados.
  2100 | D:6      | Found a shadowy altar of Dithmenos.
  2293 | D:6      | Reached skill level 5 in Fighting
  2601 | D:6      | Reached skill level 5 in Armour
  2663 | D:7      | Found Plog's Antique Armour Emporium.
  2767 | D:7      | Reached skill level 6 in Axes
  2786 | D:7      | Reached XP level 8. HP: 75/75 MP: 1/1
  2998 | D:7      | Found Vourej's Jewellery Emporium.
  3030 | D:7      | Reached skill level 7 in Axes
  3110 | D:7      | Found Sion's Weapon Shop.
  3121 | D:7      | Found Mauskisi's Assorted Antiques.
  3260 | D:7      | Found a staircase to the Ecumenical Temple.
  3263 | D:7      | Found Osuatit's Antique Armour Shoppe.
  3590 | D:7      | Bought a scroll labeled CUSYHI IMOEBAG for 24 gold pieces
  3632 | D:8      | Noticed a hippogriff
  3642 | D:8      | Killed a hippogriff
  3854 | D:8      | Got a jewelled chain mail
  3865 | D:8      | Identified the +6 chain mail of Noon {-Cast rC+ MR+ Dex+7}
                  | (You found it on level 8 of the Dungeon)
  3959 | D:8      | Gained mutation: You passively map the area around you.
                  | [Deep Dwarf growth]
  3959 | D:8      | Reached XP level 9. HP: 51/85 MP: 2/2
  4013 | D:8      | Noticed a two-headed ogre
  4030 | D:8      | Killed a two-headed ogre
  4030 | D:8      | Reached skill level 8 in Axes
  4081 | D:8      | Reached skill level 5 in Dodging
  4132 | D:8      | Reached skill level 9 in Axes
  4290 | D:8      | Noticed Grum
  4297 | D:8      | Mangled by Grum

Illustrated notes

Levels and vault maps discovered:
D:1:      dpeg_arrival_rooms_c, layout_rooms
D:2:      layout_basic
D:3:      layout_basic, kennysheep_ying_yang, grunt_temple_overflow_open,
          ebering_ghost_reflecting_pool, serial_rivers,
          chequers_serial_rivers_small_a, chequers_serial_rivers_micro_d,
          chequers_serial_rivers_small_3, chequers_serial_rivers_micro_b,
          chequers_serial_rivers_small_a, minmay_goblin_kobold_house
D:4:      layout_loops_ring, uniq_natasha, uniq_robin
D:5:      layout_basic, serial_bayou_lagoon_a, chei_slow_surprise
D:6:      layout_loops_cross, grunt_dithmenos_smoke_and_mirrors
D:7:      layout_basic, minmay_temple_entry_from_below_a, serial_shops, shop,
          shop, nicolae_shop_behind_doors, nicolae_shop_trees,
          kennysheep_mini_moat
D:8:      layout_gridville, uniq_grum

Skill      XL: |  1  2  3  4  5  6  7  8  9 |
---------------+----------------------------+-----
Fighting       | 3 4 5 6 7 |  7.8
Axes           | 3 4 5 6 7 9 |  9.1
Armour         | 4 5 6 |  6.9
Shields        | 4 |  4.2
Dodging        | 1 2 4 5 |  5.2

Action                   |  1- 3 |  4- 6 |  7- 9 || total
-------------------------+-------+-------+-------++-------
Melee: War axe           |   103 |   126 |   294 ||   523
 Abil: Heal Wounds       |       |     7 |     8 ||    15
  Use: Scroll            |       |       |    21 ||    21
Armor: Scale mail        |    56 |       |       ||    56
       Plate armour      |    15 |    75 |   151 ||   241
       Chain mail        |       |       |    39 ||    39
Dodge: Dodged            |    39 |    14 |    63 ||   116
Block: Kite shield       |    65 |    69 |   169 ||   303

Table legend: (Time is in decaauts)
 A = Elapsed time spent in this place.
 B = Non-inter-level travel time spent in this place.
 C = Inter-level travel time spent in this place.
 D = Time resting spent in this place.
 E = Time spent auto-exploring this place.
 F = Levels seen in this place.
 G = Mean time per level.
                   A        B        C        D        E       F      G
               +--------+--------+--------+--------+--------+-----+--------+
         Total |   4463 |   4198 |    265 |      0 |   3039 |   8 |  557.9 |
       Dungeon |   4463 |   4198 |    265 |      0 |   3039 |   8 |  557.9 |
               +--------+--------+--------+--------+--------+-----+--------+

Top non-repeatable levels by time:
     D:7: 990 daAuts
     D:4: 834 daAuts
     D:8: 698 daAuts
     D:5: 668 daAuts
     D:6: 614 daAuts
     D:3: 327 daAuts
     D:1: 295 daAuts
     D:2: 33 daAuts
